 Dungeon Crawl Stone Soup version 0.24.0-13-gcf9b3192b9 (webtiles) character file.

Game seed: 3578305355003791487, levelgen mode: deterministic

403 Delamore the Cleaver (level 6, -13/51 HPs)
             Began as a Hill Orc Monk on Nov 7, 2019.
             Mangled by an ogre
             ... wielding a +0 giant club
              (20 damage)
             ... on level 4 of the Dungeon.
             The game lasted 00:06:28 (4283 turns).

Delamore the Cleaver (Hill Orc Monk)                Turns: 4283, Time: 00:06:29

Health: -13/51     AC:  9    Str: 16    XL:     6   Next: 86%
Magic:  6/6        EV:  7    Int: 10    God:
Gold:   144        SH:  0    Dex: 13    Spells: 5/5 levels left

rFire    . . .     SeeInvis .   a - +0 hand axe
rCold    . . .     Gourm    .   (no shield)
rNeg     . . .     Faith    .   f - +0 chain mail
rPois    .         Spirit   .   (no helmet)
rElec    .         Reflect  .   (no cloak)
rCorr    .         Harm     .   (no gloves)
MR       .....                  (no boots)
Stlth    ..........             (no amulet)
HPRegen  0.17/turn              (no ring)
MPRegen  0.10/turn              (no ring)

@: no status effects
A: no striking features
a: no special abilities


You were on level 4 of the Dungeon.
You were not hungry.

You visited 1 branch of the dungeon, and saw 4 of its levels.

You collected 144 gold pieces.

Inventory:

Hand Weapons
 a - a +0 hand axe (weapon)
Missiles
 q - 4 poisoned darts (quivered)
Armour
 f - a +0 chain mail (worn)
Jewellery
 i - an uncursed ring of fire
Scrolls
 d - 3 scrolls of magic mapping {unknown}
 e - a scroll of teleportation {unknown}
 h - a scroll of fear
 j - 2 scrolls of identify
 m - a scroll of remove curse {unknown}
 n - a scroll of fog {unknown}
 p - a scroll of blinking {unknown}
Potions
 b - 3 potions of lignification
 g - a potion of degeneration
 k - a potion of invisibility
 l - 2 potions of heal wounds
 o - a potion of curing {unknown}
 r - a potion of haste {unknown}
 t - a potion of resistance {unknown}
Comestibles
 c - 8 rations
 s - a chunk of flesh


   Skills:
 - Level 3.6 Fighting
 + Level 8.4 Axes
 + Level 4.0 Armour
 - Level 2.4 Dodging
 - Level 1.5 Stealth


You had 5 spell levels left.
You didn't know any spells.
Your spell library was empty.

Dungeon Overview and Level Annotations

Branches:
Dungeon (4/15)
 Temple: D:4-7

Altars:

Shops:
D:4 :


Message History

You see here a poisoned dart.
You see here a scroll labeled LOMUASH REDDA.
Found a scroll of identify.
Throwing (i - inventory)
q - 6 poisoned darts (quivered)
Press: ? - help, Shift-Dir - straight line, f/p - ogre
Aim: an ogre, wielding a +0 giant club (moderately wounded, fleeing)
You throw a poisoned dart. The poisoned dart hits the ogre.
The ogre is poisoned.
Your attack snaps the ogre out of its fear.
The ogre is moderately wounded.
Throwing (i - inventory)
q - 5 poisoned darts (quivered)
Press: ? - help, Shift-Dir - straight line, f/p - ogre
Aim: an ogre, wielding a +0 giant club (heavily wounded, poisoned)
You throw a poisoned dart. The poisoned dart hits the ogre.
The ogre looks even sicker.
The ogre is heavily wounded.
You hit the ogre.
The ogre is heavily wounded.
The ogre hits you with a +0 giant club!!
You die...

#.# ##.?.## #.#
##'## #.# #(#
#. #?# ##.##
##...##
##.....##
####.......#
.......@O..#
####.##..(..?..
#. ##.#.#### #.
##.# .#


You could see an ogre.

Vanquished Creatures
  An ogre (D:4)
  A bullfrog skeleton (D:4)
  Natasha (twice) (D:2)
  3 worker ants (D:4)
  3 gnolls (D:4)
  6 adders
  3 dart slugs (D:1)
  5 leopard geckos
  2 giant cockroaches
  10 hobgoblins
  8 jackals
  11 kobolds
  A quokka (D:3)
  9 bats
  2 frilled lizards
  9 goblins
  11 rats
87 creatures vanquished.

Notes
Turn   | Place    | Note
-------+----------+-------------------------------------------
     0 | D:1      | Delamore the Hill Orc Monk began the quest for the Orb.
     0 | D:1      | Reached XP level 1. HP: 19/19 MP: 1/1
   119 | D:1      | Reached XP level 2. HP: 13/26 MP: 2/2
   355 | D:1      | Reached skill level 5 in Axes
   486 | D:1      | Reached XP level 3. HP: 11/31 MP: 3/3
  1307 | D:2      | Reached skill level 6 in Axes
  1403 | D:2      | Noticed Natasha
  1411 | D:2      | Killed Natasha
  1411 | D:2      | Reached skill level 1 in Armour
  1411 | D:2      | Reached XP level 4. HP: 32/39 MP: 4/4
  1776 | D:2      | Noticed Natasha
  1788 | D:2      | Killed Natasha
  1920 | D:3      | Reached XP level 5. HP: 44/45 MP: 5/5
  2206 | D:3      | Reached skill level 7 in Axes
  3332 | D:4      | Found Raris's Book Shop.
  3354 | D:4      | Noticed an ogre
  3364 | D:4      | Killed an ogre
  3364 | D:4      | Reached XP level 6. HP: 13/51 MP: 6/6
  3878 | D:4      | Reached skill level 8 in Axes
  4283 | D:4      | Mangled by an ogre

Levels and vault maps discovered:
D:1:      minmay_arrival_four_houses, layout_basic
D:2:      layout_basic, uniq_natasha
D:3:      layout_basic
D:4:      layout_loops_corners, minmay_temple_entry_wispy, serial_shops, shop,
          minmay_tree_intersection, st_stairs_5

Skill      XL: |  1  2  3  4  5  6 |
---------------+-------------------+-----
Axes           | 5 6 7 8 |  8.4
Armour         | 1 3 4 |  4.0
Fighting       | |  3.6
Dodging        | |  2.4
Stealth        | |  1.5

Action                   |  1- 3 |  4- 6 || total
-------------------------+-------+-------++-------
Melee: Hand axe          |   135 |   264 ||   399
Throw: Dart              |       |     6 ||     6
  Use: Scroll            |       |     7 ||     7
 Stab: Sleeping          |     3 |       ||     3
  Eat: Chunk             |     2 |     9 ||    11
Armor: Leather armour    |    17 |       ||    17
       Robe              |     1 |       ||     1
       Chain mail        |    37 |   139 ||   176
Dodge: Dodged            |    82 |    97 ||   179
